 Dungeon Crawl Stone Soup version 0.32-a0-391-gce5c0aab1b (webtiles) character file.

Game seed: 17112210715037612875

1682 cforsyth the Fighter (level 9, 0/70 HPs)
             Began as a Djinni Fire Elementalist on Feb 19, 2024.
             Engulfed by a cloud of flame (7 damage)
             ... on level 7 of the Dungeon.
             The game lasted 00:06:04 (5673 turns).

cforsyth the Fighter (Djinni Fire Elementalist)     Turns: 5673, Time: 00:06:05

Health: 0/70       AC:  2    Str:  7    XL:     9   Next: 21%
Gold:   330        EV: 12    Int: 26    God:
                   SH:  0    Dex: 15

rFire   + + .        a - staff of cold {!a}
rCold   . . .        (no shield)
rNeg    . . .        w - +0 robe
rPois   ∞            (no helmet)
rElec   .            (no cloak)
rCorr   .            (no gloves)
SInv    .            (boots unavailable)
Will    .....        (no amulet)
Stlth   ++           I - +6 ring of intelligence
HPRegen 0.31/turn    (no ring)
MPRegen 0.00/turn

%: infuse magic (-1 HP)
@: flying
A: sickness immunity, fire resistance 2, cold vulnerability 1, float, innate
caster, HP casting, extra vitality 1
a: no special abilities


You were on level 7 of the Dungeon.
You visited 1 branch of the dungeon, and saw 7 of its levels.

You collected 330 gold pieces.


Innate Abilities, Weirdness & Mutations

You are immune to sickness and miasma.
You are immune to poison.
Your flesh is very heat resistant. (rF++)
You are vulnerable to cold. (rC-)
You float through the air rather than walking.
You learn spells naturally, not from books.
Your magical power is your life essence.
You have superior vitality. (+4 MHP)


   Skills:
 + Level 8.0 Fighting
 - Level 2.1 Dodging
 - Level 1.5 Stealth
 + Level 6.8 Spellcasting
 + Level 6.8 Conjurations
 + Level 6.8 Hexes
 + Level 6.8 Summonings
 + Level 6.8 Necromancy
 + Level 6.8 Translocations
 + Level 6.8 Fire Magic
 + Level 6.8 Ice Magic
 + Level 6.8 Air Magic
 + Level 6.8 Earth Magic
 + Level 6.8 Alchemy


You knew the following spells:

 Your Spells              Type           Power      Damage    Failure   Level
a - Necrotise             Necr           100%       1d9       1%          1
b - Mercury Vapours       Alch/Air       88%        N/A       1%          2
f - Foxfire               Conj/Fire      100%       2x1d9     1%          1
g - Gell's Gravitas       Tloc           44%        N/A       1%          3
l - Summon Lightning Spi  Summ/Air       44%        N/A       3%          4
r - Inner Flame           Hex/Fire       44%        N/A       1%          3
X - Scorch                Fire           88%        2d8       1%          2
Y - Volatile Blastmotes   Fire/Tloc      88%        2d17      1%          3
Z - Flame Wave            Conj/Fire      44%        2d11      3%          4
Your spell library was empty.

Inventory:

Armour
 r - a +0 cloak
 w - a +0 robe (worn)
 D - a +0 cloak
Magical Staves
 a - a staff of cold (weapon) {!a}
 f - a staff of conjuration {!a}
 s - a staff of air {!a}
Jewellery
 I - a +6 ring of intelligence (left hand)
Wands
 y - a wand of digging (9)
 z - a wand of light (11)
 C - a wand of iceblast (7)
Scrolls
 b - 5 scrolls of teleportation {unknown}
 e - a scroll of acquirement {unknown}
 h - 5 scrolls of noise
 j - 2 scrolls of identify {@r1}
 k - 2 scrolls of vulnerability
 l - a scroll of fog {unknown}
 p - 2 scrolls of blinking
 q - 2 scrolls of poison
 t - a scroll of torment {unknown}
 u - 2 scrolls of immolation {unknown}
 x - a scroll of amnesia {unknown}
 A - a scroll of enchant armour {unknown}
 B - a scroll of fear {unknown}
Potions
 c - a potion of haste {unknown}
 d - 2 potions of enlightenment {unknown}
 g - 2 potions of curing {unknown}
 i - a potion of mutation {unknown}
 m - a potion of magic {unknown}
 n - 2 potions of heal wounds {@q2}
 o - 2 potions of might
 v - a potion of resistance {unknown}

Dungeon Overview and Level Annotations

Branches:
Dungeon (7/15)             Temple (0/1) D:5

Altars:
Cheibriados
Qazlal
Trog
The Shining One

Annotations:
D:3 1 runed translucent door, Crazy Yiuf

#.# ####.# ....####
#...... ...). .).
###§## ## #§§§§#
.### #§@§§# ...#
#....# ##.# #....#
##.# #....# ##.#
##....# ##.###
#.....# ##...#
#.....# ####.#
######.....########
.# #.##
..##.)............#


There were no monsters in sight!


Message History

Casting: Flame Wave (dangerous; 3% risk of failure)
Confirm with . or Enter, or press ? or * to list all spells.
Flames lash something.
The orc warrior is no longer more vulnerable to fire.
The orc is no longer more vulnerable to fire.
You hear some strange, mumbled words.
Something tries to affect you, but you resist.
The orc warrior completely misses you.
Unknown command.
Casting: Scorch (safe; 1% risk of failure)
Confirm with . or Enter, or press ? or * to list all spells.
Flames lash the orc.
You kill the orc!
The orc warrior hits you with a +0 scimitar!
* * * LOW HITPOINT WARNING * * *
Unknown command.
Casting: Scorch (safe; 1% risk of failure)
Confirm with . or Enter, or press ? or * to list all spells.
Flames lash the orc warrior.
* * * LOW HITPOINT WARNING * * *
The orc warrior explodes!
The fiery explosion engulfs something!!
Reactivating autopickup.
You feel a bit more experienced. The fiery explosion engulfs you. You resist.
* * * LOW HITPOINT WARNING * * *
The orc wizard explodes!
The fiery explosion engulfs you! You resist.
* * * LOW HITPOINT WARNING * * *
You are engulfed in blazing flames.
You resist.
You die...

Skill      XL: |  1  2  3  4  5  6  7  8  9 |
---------------+----------------------------+-----
Fighting       | 1 2 3 4 5 7 8 |  8.0
Spellcasting   | 4 5 6 |  6.8
Conjurations   | 4 5 6 |  6.8
Hexes          | 4 5 6 |  6.8
Summonings     | 4 5 6 |  6.8
Necromancy     | 4 5 6 |  6.8
Translocations | 4 5 6 |  6.8
Fire Magic     | 4 5 6 |  6.8
Ice Magic      | 4 5 6 |  6.8
Air Magic      | 4 5 6 |  6.8
Earth Magic    | 4 5 6 |  6.8
Alchemy        | 4 5 6 |  6.8
Dodging        | |  2.1
Stealth        | |  1.5

Action                     |  1- 3 |  4- 6 |  7- 9 || total
---------------------------+-------+-------+-------++-------
   Cast: Foxfire           |    41 |   118 |   199 ||   358
         Inner Flame       |       |    13 |     4 ||    17
         Scorch            |       |     3 |    19 ||    22
         Flame Wave        |       |       |     2 ||     2
         Summon Lightning  |       |       |     1 ||     1
    Use: Scroll            |       |       |     6 ||     6
 Armour: Robe              |     3 |     5 |    20 ||    28
  Dodge: Dodged            |     4 |     3 |    11 ||    18

Levels and vault maps discovered:
D:1:      kennysheep_arrival_forest, layout_basic, minmay_misc_feat_plants,
          kennysheep_boxes
D:2:      layout_rooms, uniq_sigmund
D:3:      layout_rooms, kennysheep_generic_room_9, uniq_crazy_yiuf_cottage
D:4:      layout_cave_pods, mainiacjoe_overflow_concentric_impassable,
          mainiacjoe_overflow_small_starburst
D:5:      layout_gridville, mainiacjoe_overflow_boulevard,
          mainiacjoe_overflow_paths, minmay_temple_entry_statues_fountains,
          solitary_fountain
D:6:      wander_river, layout_basic
D:7:      layout_basic, serial_shops, shop

Notes
Turn   | Place    | Note
-------+----------+-------------------------------------------
     0 | D:1      | cforsyth the Djinni Fire Elementalist began the quest for
                  | the Orb.
     0 | D:1      | cforsyth set off with the following spells memorised:
                  | Foxfire, Scorch, Volatile Blastmotes, Inner Flame, Flame
                  | Wave.
     0 | D:1      | Reached XP level 1. HP: 15/15 MP: 0/0
    76 | D:1      | Reached XP level 2. HP: 18/22 MP: 0/0
   122 | D:1      | Reached skill level 1 in Fighting
   302 | D:1      | You are sucked into a shaft and drop 1 floor!
   337 | D:2      | Reached XP level 3. HP: 23/28 MP: 0/0
   337 | D:2      | Learned a level 1 spell: Necrotise
   345 | D:2      | Reached skill level 2 in Fighting
   424 | D:2      | Reached XP level 4. HP: 31/33 MP: 0/0
   817 | D:2      | Noticed Sigmund
   821 | D:2      | Killed Sigmund
   822 | D:2      | Reached skill level 3 in Fighting
   822 | D:2      | Reached skill level 4 in Spellcasting
   822 | D:2      | Reached skill level 4 in Conjurations
   822 | D:2      | Reached skill level 4 in Hexes
   822 | D:2      | Reached skill level 4 in Summonings
   822 | D:2      | Reached skill level 4 in Necromancy
   822 | D:2      | Reached skill level 4 in Translocations
   822 | D:2      | Reached skill level 4 in Fire Magic
   822 | D:2      | Reached skill level 4 in Ice Magic
   822 | D:2      | Reached skill level 4 in Air Magic
   822 | D:2      | Reached skill level 4 in Earth Magic
   822 | D:2      | Reached skill level 4 in Alchemy
   822 | D:2      | Reached XP level 5. HP: 34/41 MP: 0/0
   822 | D:2      | Learned a level 2 spell: Mercury Vapours
   822 | D:2      | Reached XP level 6. HP: 39/47 MP: 0/0
   982 | D:3      | Reached skill level 4 in Fighting
  1851 | D:3      | Found a runed translucent door.
  1852 | D:3      | Noticed Crazy Yiuf
  1952 | D:4      | Reached XP level 7. HP: 51/53 MP: 0/0
  1952 | D:4      | Learned a level 3 spell: Gell's Gravitas
  1983 | D:4      | Found a glowing golden altar of the Shining One.
  2084 | D:4      | Found a bloodstained altar of Trog.
  2273 | D:4      | Reached skill level 5 in Fighting
  2273 | D:4      | Reached skill level 5 in Spellcasting
  2273 | D:4      | Reached skill level 5 in Conjurations
  2273 | D:4      | Reached skill level 5 in Hexes
  2273 | D:4      | Reached skill level 5 in Summonings
  2273 | D:4      | Reached skill level 5 in Necromancy
  2273 | D:4      | Reached skill level 5 in Translocations
  2273 | D:4      | Reached skill level 5 in Fire Magic
  2273 | D:4      | Reached skill level 5 in Ice Magic
  2273 | D:4      | Reached skill level 5 in Air Magic
  2273 | D:4      | Reached skill level 5 in Earth Magic
  2273 | D:4      | Reached skill level 5 in Alchemy
  3434 | D:5      | Entered Level 5 of the Dungeon
  3518 | D:5      | Found a staircase to the Ecumenical Temple.
  3584 | D:5      | Reached XP level 8. HP: 34/61 MP: 0/0
  3595 | D:5      | Reached skill level 6 in Fighting
  3915 | D:5      | Found a stormy altar of Qazlal.
  4163 | D:5      | Reached skill level 6 in Spellcasting
  4163 | D:5      | Reached skill level 6 in Conjurations
  4163 | D:5      | Reached skill level 6 in Hexes
  4163 | D:5      | Reached skill level 6 in Summonings
  4163 | D:5      | Reached skill level 6 in Necromancy
  4163 | D:5      | Reached skill level 6 in Translocations
  4163 | D:5      | Reached skill level 6 in Fire Magic
  4163 | D:5      | Reached skill level 6 in Ice Magic
  4163 | D:5      | Reached skill level 6 in Air Magic
  4163 | D:5      | Reached skill level 6 in Earth Magic
  4163 | D:5      | Reached skill level 6 in Alchemy
  4237 | D:5      | Found a snail-covered altar of Cheibriados.
  4978 | D:6      | Reached skill level 7 in Fighting
  5186 | D:6      | Reached XP level 9. HP: 61/68 MP: 0/0
  5186 | D:6      | Learned a level 4 spell: Summon Lightning Spire
  5565 | D:7      | Reached skill level 8 in Fighting
  5673 | D:7      | HP: 7/70 [spore (12)]
  5673 | D:7      | Engulfed by a cloud of flame

Vanquished Creatures
  Sigmund (D:2)
  An orc warrior (D:7)
  A sky beast (D:7)
  An ice beast (D:5)
  3 ogres
  A phantom (D:5)
  A scorpion (D:4)
  3 wights (D:7)
  3 killer bees (D:6)
  A bombardier beetle (D:4)
  3 hounds (D:5)
  2 orc priests (D:5)
  3 iguanas
  A sleepcap (D:5)
  5 orc wizards
  6 adders
  3 gnolls (D:2)
  2 white imps
  4 dart slugs
  A ribbon worm (D:2)
  21 orcs
  A bat (D:2)
  5 endoplasms
  A giant cockroach (D:3)
  3 goblins
  5 hobgoblins
  3 jackals (D:4)
  4 quokkas
  9 ball pythons
  5 frilled lizards
  6 kobolds
  5 rats
114 creatures vanquished.

Vanquished Creatures (others)
  630 foxfires
630 creatures vanquished.

Grand Total: 744 creatures vanquished

Table legend: (Time is in decaauts)
 A = Elapsed time spent in this place.
 B = Non-inter-level travel time spent in this place.
 C = Inter-level travel time spent in this place.
 D = Time resting spent in this place.
 E = Time spent auto-exploring this place.
 F = Levels seen in this place.
 G = Mean time per level.
                   A        B        C        D        E       F      G
               +--------+--------+--------+--------+--------+-----+--------+
         Total |   5673 |   5449 |    224 |    463 |   4245 |   7 |  810.4 |
       Dungeon |   5673 |   5449 |    224 |    463 |   4245 |   7 |  810.4 |
               +--------+--------+--------+--------+--------+-----+--------+

Top non-repeatable levels by time:
     D:5: 1258 daAuts
     D:4: 950 daAuts
     D:1: 857 daAuts
     D:3: 822 daAuts
     D:2: 805 daAuts
     D:6: 727 daAuts
     D:7: 251 daAuts

Table legend:
 A = Non-vault XP
 B = Vault XP
 C = Vault XP percentage of total XP
 D = Non-vault monster count
 E = Vault monster count
 F = Vault count percentage of total count
                 A         B        C        D         E       F
            +---------+---------+-------+---------+---------+-------
      Total |    2343 |     230 |   8.9 |     112 |       2 |   1.8
            +---------+---------+-------+---------+---------+-------
        D:1 |      40 |       0 |   0.0 |      15 |       0 |   0.0
        D:2 |      76 |     227 |  74.9 |      14 |       1 |   6.7
        D:3 |     181 |       3 |   1.6 |      33 |       1 |   2.9
        D:4 |     222 |       0 |   0.0 |      13 |       0 |   0.0
        D:5 |     921 |       0 |   0.0 |      21 |       0 |   0.0
        D:6 |     367 |       0 |   0.0 |       8 |       0 |   0.0
        D:7 |     536 |       0 |   0.0 |       8 |       0 |   0.0
            +---------+---------+-------+---------+---------+-------
